[Event "*** Titled Tuesday Blitz"]
[Site "Chess.com"]
[Date "2021.04.06"]
[Round "3"]
[White "biostatistician"]
[Black "rugbyclub"]
[Result "1-0"]
[WhiteElo "2619"]
[BlackElo "2255"]
[TimeControl "180+1"]
[EndTime "10:25:49 PDT"]
[Termination "biostatistician won by resignation"]

1. d4 Nf6 2. Nf3 g6 3. c4 Bg7 4. Nc3 O-O 5. e4 d6 6. Be2 e5 7. dxe5 dxe5 8. Qxd8 Rxd8 9. Bg5 Re8 10. Nd5 Nxd5 11.
cxd5 c6 12. Bc4 cxd5 13. Bxd5 Nd7 14. Nd2 Nc5 15. O-O-O Be6 16. Bxe6 Nxe6 17. Be3 Bf8 18. Nb3 Rac8+ 19. Kb1 b6 20. Rd7 Rc7 21. Rhd1 Rec8 22. g4 Rxd7 23. Rxd7 Rc7 24. Rxc7 Nxc7 25. Kc2 f6 26.
Kd3 Kf7 27. Kc4 Ke6 28. a4 Kd6 29. Na1 Kc6 30. Nc2 a6 31. Nb4+ Kb7 32. Nd5 Nxd5 33. Kxd5 b5 34. axb5 axb5 35. Ke6 Kc6 36. Kxf6 Bd6 37.
h4 Bc7 38. Kg7 h5 39. g5 1-0

[Event "*** Titled Tuesday Blitz"]
[Site "Chess.com"]
[Date "2021.04.06"]
[Round "3"]
[White "gmgamil"]
[Black "IANOV0007"]
[Result "1-0"]
[WhiteElo "2807"]
[BlackElo "2466"]
[TimeControl "180+1"]
[EndTime "10:25:51 PDT"]
[Termination "gmgamil won by checkmate"]

1. d4 d6 2. Nc3 Nf6 3. e4 c6 4. f4 Qb6 5. Nf3 Bg4 6. Be2 Bxf3 7.
Bxf3 e5 8. Ne2 Nbd7 9. c3 Be7 10. O-O d5 11. fxe5 Nxe5 12. exd5 Nxf3+ 13. Rxf3 Nxd5 14. Kh1 O-O 15. Ng3 g6 16. Bh6 Rfe8 17. Qf1 f5 18. Nxf5 gxf5 19. Rg3+ Kh8 20. Bg7+ Kg8 21.
Be5+ Kf7 22. Qxf5+ Nf6 23. Rf1 c5 24. d5 Rg8 25.
Qxh7+ Ke8 26. Rxg8+ Nxg8 27. Qxg8+ Kd7 28. Qxa8 Qxb2 29.
Qg8 Qe2 30. Qe6+ Kd8 31. Bc7+ Kxc7 32. Qxe2 b5 33. Qxe7+ Kc8 34. Rf8# 1-0

[Event "*** Titled Tuesday Blitz"]
[Site "Chess.com"]
[Date "2021.04.06"]
[Round "3"]
[White "1g41-0"]
[Black "Rytenko_V"]
[Result "0-1"]
[WhiteElo "2545"]
[BlackElo "2385"]
[TimeControl "180+1"]
[EndTime "10:25:57 PDT"]
[Termination "Rytenko_V won by resignation"]

1. d4 d5 2. Nf3 Nf6 3. e3 Bg4 4. c4 c6 5. Qb3 Qb6 6. Qxb6 axb6 7. cxd5 Nxd5 8. Bd2 Nd7 9. e4 N5f6 10. Nc3 e6 11. h3 Bh5 12. Bd3 Bb4 13. Nh4 O-O 14.
g4 Bg6 15. Nxg6 hxg6 16. f3 e5 17. Ne2 Bd6 18. f4 exf4 19. e5 Bxe5 20. dxe5 Nxe5 21. Nxf4 g5 22. Bc3 gxf4 0-1

[Event "*** Titled Tuesday Blitz"]
[Site "Chess.com"]
[Date "2021.04.06"]
[Round "3"]
[White "MarcoRiehle"]
[Black "FairChess_on_YouTube"]
[Result "0-1"]
[WhiteElo "2675"]
[BlackElo "3006"]
[TimeControl "180+1"]
[EndTime "10:26:00 PDT"]
[Termination "FairChess_on_YouTube won by resignation"]

1. e4 c5 2. a3 g6 3. h4 Nf6 4. e5 Nh5 5. Nf3 Nc6 6. Nc3 Bg7 7.
g4 Nf4 8. d4 cxd4 9. Bxf4 dxc3 10. b4 d6 11. exd6 Bxg4 12. b5 Nd4 13. Bg2 O-O 14.
O-O e5 15. Bg3 Qf6 16. Bxe5 Nxf3+ 17. Bxf3 Qxf3 18. Qxf3 Bxf3 19. Bg3 f5 20. Bf4 Rad8 21.
a4 Rfe8 22. Rfe1 Rxe1+ 23. Rxe1 Bf8 24. Re3 Be4 25. Rxc3 Bxd6 26. Bxd6 Rxd6 27. f3 Rd1+ 28. Kf2 Rd2+ 29. Ke3 Rxc2 0-1

[Event "*** Titled Tuesday Blitz"]
[Site "Chess.com"]
[Date "2021.04.06"]
[Round "3"]
[White "Larciano"]
[Black "Irishchessman16"]
[Result "0-1"]
[WhiteElo "1977"]
[BlackElo "2286"]
[TimeControl "180+1"]
[EndTime "10:26:00 PDT"]
[Termination "Irishchessman16 won by resignation"]

1. e4 c5 2. c3 Nf6 3. e5 Nd5 4.
d4 cxd4 5. Nf3 Nc6 6. Bc4 Nb6 7. Bb3 d5 8. exd6 Qxd6 9. O-O Bf5 10. Qe2 e6 11. Na3 d3 12. Qd2 a6 13. Nc4 Nxc4 14. Bxc4 b5 15. Bb3 Be7 16. Re1 O-O 17. Qf4 Qxf4 18.
Bxf4 b4 19. Rad1 bxc3 20. bxc3 Rfd8 21. h3 Rac8 22. Ne5 Nxe5 23. Bxe5 Bf6 24. Bxf6 gxf6 25. g4 Bg6 26. f3 Rxc3 27. Kf2 h5 28. Rd2 hxg4 29.
hxg4 Rd4 30. Ke3 e5 31. Rh1 Kg7 32. Rhd1 a5 33. Rb1 Rb4 34. Rdd1 a4 35. Bd5 Rxb1 36.
Rxb1 d2+ 37. Kxd2 Rd3+ 0-1

[Event "*** Titled Tuesday Blitz"]
[Site "Chess.com"]
[Date "2021.04.06"]
[Round "3"]
[White "kleopl"]
[Black "Zarikovs1999"]
[Result "1-0"]
[WhiteElo "2554"]
[BlackElo "2357"]
[TimeControl "180+1"]
[EndTime "10:26:01 PDT"]
[Termination "kleopl won by resignation"]

1. c4 c5 2. Nf3 Nf6 3. Nc3 Nc6 4.
g3 g6 5. d4 Bg7 6. d5 Nb8 7. e4 d6 8. h3 O-O 9. Bg2 e6 10. O-O exd5 11. cxd5 Re8 12. Re1 a6 13. a4 b6 14. Bf4 Ra7 15. e5 dxe5 16. Nxe5 Nh5 17.
Nd3 Nxf4 18. Rxe8+ Qxe8 19. Nxf4 Bf5 20. Qd2 Qd8 21. Re1 Nd7 22. g4 Qg5 23. Re8+ Nf8 24. gxf5 Bxc3 25. bxc3 1-0

[Event "*** Titled Tuesday Blitz"]
[Site "Chess.com"]
[Date "2021.04.06"]
[Round "3"]
[White "Benjoneliere44"]
[Black "fyall777"]
[Result "0-1"]
[WhiteElo "2602"]
[BlackElo "2438"]
[TimeControl "180+1"]
[EndTime "10:26:02 PDT"]
[Termination "fyall777 won on time"]

1. e4 e5 2. Nf3 Nf6 3. Nxe5 d6 4.
Nf3 Nxe4 5. Nc3 Nf6 6. d4 Be7 7.
Bf4 O-O 8. Qd2 a6 9. h3 b5 10. a3 Bb7 11. Be2 Nbd7 12. O-O c5 13. Rad1 c4 14. Rfe1 Nb6 15. Nh2 Re8 16. Bf3 Bxf3 17.
Nxf3 Nbd5 18. Nxd5 Nxd5 19. c3 Qd7 20. Bg5 Bf8 21.
Qc2 h6 22. Bh4 Nf4 0-1

[Event "*** Titled Tuesday Blitz"]
[Site "Chess.com"]
[Date "2021.04.06"]
[Round "3"]
[White "Sjakkerntobi"]
[Black "Orest_Vovk"]
[Result "0-1"]
[WhiteElo "2392"]
[BlackElo "2579"]
[TimeControl "180+1"]
[EndTime "10:26:02 PDT"]
[Termination "Orest_Vovk won by resignation"]

1. e4 Nc6 2. d4 e5 3. dxe5 Nxe5 4. Nf3 Nxf3+ 5. Qxf3 Qf6 6. Be2 Qxf3 7. Bxf3 Bb4+ 8. c3 Bc5 9. Bf4 d6 10. O-O Ne7 11. Nd2 O-O 12. a4 a6 13. Bg3 Ng6 14. Be2 Re8 15. Bc4 Be6 16. Bxe6 fxe6 17. Rfe1 e5 18. Kf1 Rf8 19.
f3 Nf4 20. Bxf4 Rxf4 21. Ke2 Raf8 22. Nc4 g5 23. h3 h5 24. Ne3 Bxe3 25. Kxe3 g4 26.
hxg4 hxg4 27. Rf1 gxf3 28. gxf3 Rh4 29. Rf2 Kf7 30. f4 exf4+ 31. Rxf4+ Rxf4 32. Kxf4 Ke6+ 33. Ke3 Rh8 34. Ra3 Ke5 35. Rb3 b6 36. Rb4 Rh3+ 37. Kd2 Rh2+ 38. Kc1 Re2 39. Rc4 c5 40. a5 b5 0-1

[Event "*** Titled Tuesday Blitz"]
[Site "Chess.com"]
[Date "2021.04.06"]
[Round "3"]
[White "Lector118"]
[Black "Kapibara_Warri0r"]
[Result "0-1"]
[WhiteElo "2427"]
[BlackElo "2246"]
[TimeControl "180+1"]
[EndTime "10:26:07 PDT"]
[Termination "Kapibara_Warri0r won by resignation"]

1. d4 Nf6 2. c4 e6 3. g3 d5 4. Bg2 c5 5. Nf3 Nc6 6. cxd5 exd5 7. O-O a6 8. Nc3 Be6 9. Bg5 Be7 10.
Bxf6 Bxf6 11. dxc5 O-O 12. Rc1 d4 13. Ne4 Be7 14. Ne1 Bxa2 15. Nd3 Bd5 16. b4 Na7 17.
Qd2 Nb5 18. Qf4 Bxe4 19. Bxe4 Bg5 20. Qf5 g6 21. Qh3 Bxc1 22. Rxc1 Qe7 23. Qg2 Nc3 24. Bxb7 Nxe2+ 25. Kh1 Nxc1 0-1

[Event "*** Titled Tuesday Blitz"]
[Site "Chess.com"]
[Date "2021.04.06"]
[Round "3"]
[White "chescomhuynya"]
[Black "ExtremeLearner"]
[Result "1-0"]
[WhiteElo "2570"]
[BlackElo "2376"]
[TimeControl "180+1"]
[EndTime "10:26:11 PDT"]
[Termination "chescomhuynya won by resignation"]

1. e4 c6 2. d4 d5 3. e5 Bf5 4. Nd2 e6 5. Nb3 Nd7 6. Nf3 c5 7. dxc5 Bxc5 8. Nxc5 Qa5+ 9. c3 Qxc5 10. Nd4 Ne7 11.
Be3 Qc7 12. f4 a6 13. Be2 Be4 14. O-O g6 15. Rc1 b5 16. a4 bxa4 17. Qxa4 O-O 18. Ra1 Nc5 19. Qa5 Qc8 20. Rfd1 Nb7 21. Qb6 Qc5 22.
Nf5 Qxb6 23. Nxe7+ Kg7 24. Bxb6 a5 25. Nc6 a4 26.
Bb5 1-0

[Event "*** Titled Tuesday Blitz"]
[Site "Chess.com"]
[Date "2021.04.06"]
[Round "3"]
[White "Loy_Konstantin"]
[Black "WonderChampion"]
[Result "1-0"]
[WhiteElo "2340"]
[BlackElo "2120"]
[TimeControl "180+1"]
[EndTime "10:26:11 PDT"]
[Termination "Loy_Konstantin won by resignation"]

1. e4 c5 2. Nf3 g6 3. d4 cxd4 4.
Nxd4 Nc6 5. Nc3 Bg7 6. Be3 Nf6 7. Bc4 O-O 8. Bb3 d6 9. f3 Bd7 10. h4 Nxd4 11. Bxd4 a6 12. h5 b5 13. hxg6 hxg6 14.
Qd2 e5 15. Be3 Be6 16. Bh6 Nh5 17. g4 Nf4 18. O-O-O a5 19. Bd5 Bxd5 20. Nxd5 Bxh6 21. Rxh6 Nxd5 22. Rh8+ Kxh8 23. Qh6+ Kg8 24. Rh1 Qg5+ 25.
Qxg5 Rfc8 26. exd5 Kf8 27. Qf6 1-0

[Event "*** Titled Tuesday Blitz"]
[Site "Chess.com"]
[Date "2021.04.06"]
[Round "3"]
[White "Niktlt"]
[Black "exoticprincess"]
[Result "1/2-1/2"]
[WhiteElo "2582"]
[BlackElo "2921"]
[TimeControl "180+1"]
[EndTime "10:26:12 PDT"]
[Termination "Game drawn by repetition"]

1. e4 c6 2. d4 d5 3. exd5 cxd5 4. Bd3 Nc6 5. c3 Nf6 6. Bf4 Bg4 7. Qb3 Qc8 8. Nd2 e6 9. Ngf3 Bh5 10. O-O Be7 11.
Rfe1 Bg6 12. Bxg6 hxg6 13. h3 O-O 14. Ne5 Nxe5 15. Bxe5 Nd7 16. Bg3 Qc6 17. a4 Rfc8 18.
Nf3 Bd6 19. Bxd6 Qxd6 20. Ne5 Rc7 21. Nxd7 Qxd7 22. Qb5 Qd6 23. Qb3 Rb8 24. Qa3 Qd8 25. Qb3 Rc6 26. Ra2 Qc7 27. Qb4 Rc4 28. Qb3 b6 29. Qb5 Qc8 30. Qb3 a6 31. Rea1 g5 32. Qd1 Qd8 33. Qe2 a5 34. Qc2 Rbc8 35. Qd2 Qf6 36. Re1 Qf5 37. Raa1 f6 38. Re3 Kf7 39. Qe2 Re8 40. Rf3 Qe4 41. Re3 Qf5 42. Rf3 Qh7 43. Re3 Qf5 1/2-1/2

[Event "*** Titled Tuesday Blitz"]
[Site "Chess.com"]
[Date "2021.04.06"]
[Round "3"]
[White "zala02"]
[Black "I_Enchev"]
[Result "0-1"]
[WhiteElo "2155"]
[BlackElo "2490"]
[TimeControl "180+1"]
[EndTime "10:26:12 PDT"]
[Termination "I_Enchev won by resignation"]

1. e4 c6 2. d4 d5 3. Nc3 dxe4 4. Nxe4 Nf6 5. Nxf6+ exf6 6. c3 Bd6 7. Bd3 O-O 8. Ne2 Re8 9. Be3 Nd7 10. Qd2 Nf8 11. O-O-O Qa5 12. Kb1 Be6 13. c4 Bb4 14.
Qc2 b5 15. a3 bxc4 16. axb4 cxd3 17. bxa5 dxc2+ 18. Kxc2 Rab8 19. Nc3 Bb3+ 20. Kd2 Bxd1 21. Nxd1 Ne6 22. h4 Red8 23. Kc3 Rb5 24. b4 Rbd5 25.
Nb2 Nxd4 26. Re1 Nb5+ 27. Kc4 Re5 28. Rc1 Re4+ 29. Kb3 Rd6 30. Nc4 Rd3+ 31. Kc2 Rc3+ 32. Kb2 Rxc1 33. Bxc1 Rxc4 0-1

[Event "*** Titled Tuesday Blitz"]
[Site "Chess.com"]
[Date "2021.04.06"]
[Round "3"]
[White "seorobert1971"]
[Black "geordie_derraugh"]
[Result "1-0"]
[WhiteElo "2763"]
[BlackElo "2456"]
[TimeControl "180+1"]
[EndTime "10:26:14 PDT"]
[Termination "seorobert1971 won by resignation"]

1. e4 c5 2. Nc3 Nc6 3. Nge2 g6 4. g3 Bg7 5. Bg2 Nh6 6. O-O O-O 7. d3 f5 8. f4 d6 9. Be3 a6 10. h3 e6 11. Qd2 Nf7 12. d4 cxd4 13. Nxd4 Nxd4 14. Bxd4 e5 15. Be3 Be6 16. exf5 gxf5 17. Kh2 h5 18. Rad1 h4 19. g4 fxg4 20. f5 Bc4 21. hxg4 Bxf1 22. Rxf1 Bf6 23. Bd5 Kg7 24. Ne4 Bg5 25. Bxg5 1-0

[Event "*** Titled Tuesday Blitz"]
[Site "Chess.com"]
[Date "2021.04.06"]
[Round "3"]
[White "jraosam"]
[Black "kinga2008"]
[Result "0-1"]
[WhiteElo "1857"]
[BlackElo "2279"]
[TimeControl "180+1"]
[EndTime "10:26:14 PDT"]
[Termination "kinga2008 won by resignation"]

1. c4 c5 2. e3 g6 3. d4 Bg7 4. d5 e6 5. d6 Nf6 6. Nc3 O-O 7. Nf3 Nc6 8. Bd3 e5 9. O-O a6 10. Nd5 Nxd5 11. cxd5 Nb4 12. Bb1 f5 13. a3 e4 14.
Ne1 Nd3 15. Nxd3 exd3 16. Bxd3 b5 17. f3 c4 18. Bc2 Qb6 19. Kh1 Qxd6 20. e4 Bb7 21. exf5 gxf5 22. Rb1 Qxd5 23. Qe2 Rae8 24. Qf2 Qd4 25. Qg3 Re2 26. Bd1 Re6 27. Bf4 Rg6 28.
Qh4 Qd3 29. Ba4 bxa4 30. Rbd1 Qe2 31. g3 Bxf3+ 0-1

[Event "*** Titled Tuesday Blitz"]
[Site "Chess.com"]
[Date "2021.04.06"]
[Round "3"]
[White "jens1102"]
[Black "yandry1996"]
[Result "1-0"]
[WhiteElo "2505"]
[BlackElo "2242"]
[TimeControl "180+1"]
[EndTime "10:26:15 PDT"]
[Termination "jens1102 won on time"]

1. e4 e5 2. Nf3 Nf6 3. Nc3 Nc6 4.
Bb5 Bb4 5. O-O O-O 6. d3 d6 7. Nd5 Nxd5 8. exd5 Ne7 9. c4 c6 10. dxc6 bxc6 11. Ba4 Bg4 12. Bg5 f6 13. Be3 d5 14.
cxd5 cxd5 15. h3 Bh5 16. Rc1 Nf5 17. Bc6 Rc8 18. Qb3 Bxf3 19. gxf3 Ne7 20. Bb7 Rxc1 21.
Rxc1 Ba5 22. Rc5 Bb6 23. Bxd5+ Nxd5 24. Rxd5 Qc8 25. Rd8+ 1-0

[Event "*** Titled Tuesday Blitz"]
[Site "Chess.com"]
[Date "2021.04.06"]
[Round "3"]
[White "Zeeduin"]
[Black "Mihnea2017"]
[Result "1-0"]
[WhiteElo "2767"]
[BlackElo "2457"]
[TimeControl "180+1"]
[EndTime "10:26:16 PDT"]
[Termination "Zeeduin won by resignation"]

1. e4 c6 2. d4 d5 3. Nd2 dxe4 4. Nxe4 Bf5 5. Ng3 Bg6 6. h4 h6 7. Nh3 e6 8. Nf4 Bh7 9. Bc4 Bd6 10. Ngh5 Bxf4 11.
Bxf4 Nf6 12. Nxg7+ Kf8 13. Bxh6 Qa5+ 14. Qd2 Qxd2+ 15.
Kxd2 Kg8 16. Nxe6 Be4 17. Bg5 Nbd7 18. Nf4 Kg7 19. f3 Bg6 20. g4 b5 21. Bb3 a5 22. a4 Rhd8 23. h5 Bh7 24. h6+ Kf8 25. c3 b4 26. Bc2 bxc3+ 27. bxc3 Re8 28. Bxf6 Nxf6 29. g5 Bxc2 30. gxf6 Bh7 31. Rag1 Rab8 32. Nd3 c5 33. Rg7 1-0

[Event "*** Titled Tuesday Blitz"]
[Site "Chess.com"]
[Date "2021.04.06"]
[Round "3"]
[White "atalz0"]
[Black "Alexander_Moskalenko"]
[Result "0-1"]
[WhiteElo "2451"]
[BlackElo "2738"]
[TimeControl "180+1"]
[EndTime "10:26:16 PDT"]
[Termination "Alexander_Moskalenko won by resignation"]

1. d4 g6 2. e4 Bg7 3. Nf3 c6 4. Bd3 d6 5. h3 Qc7 6. O-O Nf6 7. e5 dxe5 8. dxe5 Nd5 9. Qe2 O-O 10. a3 b5 11. Bg5 h6 12. Bd2 e6 13. b3 Nd7 14. Re1 Nc5 15. c4 Nxd3 16. Qxd3 bxc4 17. bxc4 Ba6 18. Qc2 Nb6 19. Bb4 c5 20. Ba5 Qc6 21.
Nbd2 Rfd8 22. Rab1 Bb7 23. Ne4 Rab8 24. Nf6+ Kh8 25. Bd2 Rd4 26. Be3 Rxc4 27. Rxb6 Rxc2 28. Rxc6 Bxc6 0-1

[Event "*** Titled Tuesday Blitz"]
[Site "Chess.com"]
[Date "2021.04.06"]
[Round "3"]
[White "LEGENYA1998"]
[Black "Das_Virus_2020"]
[Result "1/2-1/2"]
[WhiteElo "2216"]
[BlackElo "2458"]
[TimeControl "180+1"]
[EndTime "10:26:21 PDT"]
[Termination "Game drawn by agreement"]

1. e4 e6 2. d4 d5 3. exd5 exd5 4. Nf3 Nf6 5. Bd3 Bd6 6. O-O O-O 7. c4 dxc4 8. Bxc4 Nbd7 9. Bg5 Nb6 10. Bb3 Bg4 11. Nc3 c6 12. h3 Bh5 13. g3 h6 14.
Be3 Re8 15. g4 Bg6 16. Ne5 Bxe5 17. dxe5 Rxe5 18. Qxd8+ Rxd8 19. Rad1 Ree8 20. Rxd8 Rxd8 21. f3 Rd7 22. Kf2 Bd3 23. Rd1 Ba6 24. Bd4 Nc4 25. Bxc4 Bxc4 26. b3 Be6 27. Bxa7 Rxd1 28. Nxd1 Nd5 29.
Bc5 f5 30. gxf5 Bxf5 31. h4 Kf7 32. Ne3 Nxe3 33. Kxe3 Bb1 34. a3 Bc2 35. b4 g5 36.
hxg5 hxg5 1/2-1/2

[Event "*** Titled Tuesday Blitz"]
[Site "Chess.com"]
[Date "2021.04.06"]
[Round "3"]
[White "davidkalashian"]
[Black "DFeco"]
[Result "1-0"]
[WhiteElo "2544"]
[BlackElo "2336"]
[TimeControl "180+1"]
[EndTime "10:26:22 PDT"]
[Termination "davidkalashian won by resignation"]

1. e4 e5 2. Nf3 Nc6 3. Bb5 g6 4. d4 exd4 5. Nxd4 Bg7 6. Be3 Nge7 7. Nc3 O-O 8. O-O a6 9. Nxc6 bxc6 10. Ba4 d5 11. exd5 cxd5 12. Bc5 Be6 13. Re1 Rb8 14. Bb3 c6 15. Rb1 Qc7 16. Ne2 Rfd8 17. Nd4 Bxd4 18. Qxd4 Nf5 19. Qf6 Ng7 20. Bd4 Kf8 21. Qxg7+ Ke8 22.
Rxe6+ Kd7 23. Qxf7+ Kc8 24. Re7 1-0

[Event "*** Titled Tuesday Blitz"]
[Site "Chess.com"]
[Date "2021.04.06"]
[Round "3"]
[White "Flopezin"]
[Black "MoreChessJulia"]
[Result "1-0"]
[WhiteElo "2344"]
[BlackElo "2124"]
[TimeControl "180+1"]
[EndTime "10:26:22 PDT"]
[Termination "Flopezin won by resignation"]

1. c4 g6 2. e4 Bg7 3. d4 c5 4.
Nf3 Nc6 5. Be3 d6 6. Nc3 Bg4 7. d5 Nd4 8. Be2 Bxf3 9. gxf3 e5 10. f4 f6 11. Qd2 Ne7 12. h4 Qa5 13. h5 O-O-O 14.
O-O-O f5 15. fxe5 Bxe5 16. f4 Bf6 17. Kb1 Nxe2 18. Nxe2 Qxd2 19. Bxd2 fxe4 20. Ng3 Nf5 21. Nxe4 Be7 22. Bc3 Rhg8 23. Rdg1 Rdf8 24. hxg6 hxg6 25.
Rh7 Kd7 26. Nf6+ Kd8 27. Nxg8 Rxg8 28. Rh8 Rxh8 29. Bxh8 Ke8 30. Rxg6 Kf7 31. Rg1 Bf6 32.
Bxf6 Kxf6 33. Rg8 Nd4 34. Rb8 b6 35. Ra8 Ne2 36. Rxa7 Nxf4 37. Rb7 Ke5 38. Rxb6 Ne2 39. Kc2 Nd4+ 40. Kd3 1-0

[Event "*** Titled Tuesday Blitz"]
[Site "Chess.com"]
[Date "2021.04.06"]
[Round "3"]
[White "Nuvas"]
[Black "Chandradi"]
[Result "1-0"]
[WhiteElo "2575"]
[BlackElo "2383"]
[TimeControl "180+1"]
[EndTime "10:26:23 PDT"]
[Termination "Nuvas won by resignation"]

1. d4 Nf6 2. c4 e6 3. Nc3 Bb4 4. Qc2 c5 5. dxc5 Bxc5 6. Nf3 Qb6 7. e3 Qc7 8. Be2 a6 9. O-O O-O 10. b3 b6 11. Bb2 Bb7 12. Ng5 h6 13. Nge4 Be7 14.
Bf3 Nc6 15. Nxf6+ Bxf6 16. Nd5 exd5 17. Bxf6 gxf6 18. cxd5 Qe5 19. dxc6 Bxc6 20. Bxc6 Rfc8 21. Rfd1 Rxc6 22. Qe2 b5 23. Rd4 Rac8 24. Rad1 d6 25. h3 Kh7 26. Qd3+ Kg7 27. Rd5 Qe6 28. Rxd6 Qe5 29.
Rd4 Rc2 30. a4 bxa4 31. bxa4 R8c6 32. Rg4+ Kf8 33. Qd8+ Qe8 34. Rg8+ 1-0

[Event "*** Titled Tuesday Blitz"]
[Site "Chess.com"]
[Date "2021.04.06"]
[Round "3"]
[White "Raud100"]
[Black "ymoy"]
[Result "0-1"]
[WhiteElo "2261"]
[BlackElo "2699"]
[TimeControl "180+1"]
[EndTime "10:26:25 PDT"]
[Termination "ymoy won by resignation"]

1. d4 Nf6 2. c4 e6 3. Nf3 b6 4. g3 Bb7 5. Bg2 Be7 6. O-O O-O 7. Nc3 d5 8. Ne5 Na6 9. Bf4 Re8 10. Rc1 Bf8 11.
Qa4 h6 12. Rfd1 Qe7 13. a3 c5 14. cxd5 exd5 15. Nxd5 Nxd5 16. Bxd5 Bxd5 17. Qxa6 Rad8 18. dxc5 g5 19. Nd3 Qe4 20. f3 Qxe2 21. Nb4 Bxc5+ 22. Rxc5 Qxd1+ 23. Qf1 Re1 0-1

[Event "*** Titled Tuesday Blitz"]
[Site "Chess.com"]
[Date "2021.04.06"]
[Round "3"]
[White "Fortitudine"]
[Black "PLAYER_2006_M"]
[Result "0-1"]
[WhiteElo "2281"]
[BlackElo "2526"]
[TimeControl "180+1"]
[EndTime "10:26:26 PDT"]
[Termination "PLAYER_2006_M won by checkmate"]

1. c4 e6 2. g3 b6 3. Bg2 c6 4. Nf3 Bb7 5. b3 Nf6 6. Bb2 Be7 7. O-O O-O 8. d4 d5 9. Ne5 Nbd7 10.
Nxd7 Qxd7 11. Nd2 Rac8 12. e4 dxe4 13. Nxe4 Rfd8 14. Qe2 h6 15. Rad1 Qc7 16. Rfe1 Nxe4 17. Bxe4 Bf6 18. h4 a5 19. Rd2 a4 20. Red1 axb3 21. axb3 Ra8 22. Bb1 c5 23. Be4 Bxd4 24. Bxd4 cxd4 25. Rxd4 Rxd4 26. Rxd4 Qe5 27. Bh7+ Kxh7 28.
Qxe5 Ra1+ 29. Kh2 Rh1# 0-1

[Event "*** Titled Tuesday Blitz"]
[Site "Chess.com"]
[Date "2021.04.06"]
[Round "3"]
[White "CM_rui"]
[Black "VladaSviridova"]
[Result "1-0"]
[WhiteElo "2444"]
[BlackElo "2222"]
[TimeControl "180+1"]
[EndTime "10:26:27 PDT"]
[Termination "CM_rui won by resignation"]

1. e4 e6 2. d4 d5 3. Nc3 Bb4 4. e5 c5 5. a3 Bxc3+ 6. bxc3 Ne7 7. f4 b6 8. Nf3 Ba6 9. Bxa6 Nxa6 10. O-O h6 11. Qe2 Nb8 12. a4 Nd7 13. Ba3 Qc7 14. Rab1 O-O 15. g4 f5 16. g5 h5 17. g6 Nxg6 18.
Ng5 Rfe8 19. Qxh5 Kf8 20. Qxg6 Ke7 21. Qxe6+ Kd8 22. Nf7+ Kc8 23. Qxe8+ Kb7 24. Nd6+ Qxd6 25. Qxa8+ Kxa8 26. exd6 1-0

[Event "*** Titled Tuesday Blitz"]
[Site "Chess.com"]
[Date "2021.04.06"]
[Round "3"]
[White "scarabee43"]
[Black "Murad_Ibrahimli"]
[Result "0-1"]
[WhiteElo "2599"]
[BlackElo "2828"]
[TimeControl "180+1"]
[EndTime "10:26:28 PDT"]
[Termination "Murad_Ibrahimli won by checkmate"]

1. d4 Nf6 2. c4 e6 3. Nc3 Bb4 4. e3 b6 5. Bd3 Bb7 6. Nf3 Ne4 7. Qc2 Bxc3+ 8. bxc3 f5 9. d5 Qf6 10. O-O Nc5 11.
e4 Nxd3 12. Qxd3 fxe4 13. Qxe4 O-O 14. Bg5 Qf5 15. Qe3 exd5 16. c5 Nc6 17. Nd4 Nxd4 18.
cxd4 Rae8 19. Qg3 Re4 20. Qxc7 Ba6 21. Bd2 Bxf1 22. Rxf1 Re2 23. Be3 Rxe3 24. cxb6 Qxf2+ 25. Rxf2 Re1+ 26. Rf1 Rexf1# 0-1

[Event "*** Titled Tuesday Blitz"]
[Site "Chess.com"]
[Date "2021.04.06"]
[Round "3"]
[White "2008king"]
[Black "Aslanov_Umid"]
[Result "1-0"]
[WhiteElo "2221"]
[BlackElo "2395"]
[TimeControl "180+1"]
[EndTime "10:26:29 PDT"]
[Termination "2008king won by resignation"]

1. e4 c5 2. Nf3 d6 3. d4 cxd4 4. Qxd4 Nf6 5. Be2 a6 6. c4 Nc6 7.
Qe3 Bg4 8. Nc3 e6 9. h3 Bh5 10. O-O Be7 11. Rd1 O-O 12. b3 Qc7 13. Bb2 Rad8 14.
Rac1 Qb8 15. Nd4 Bxe2 16. Ndxe2 Nd7 17. a3 Bf6 18. b4 Nce5 19. Nb1 b5 20. Bxe5 Nxe5 21.
c5 Nc4 22. Qg3 dxc5 23. Qxb8 Rxb8 24. bxc5 Rbc8 25. Nd2 Rxc5 26. Nxc4 bxc4 27. Nc3 Rb8 28. Rd6 Bxc3 29. Rxc3 a5 30. Rd4 Rbc8 31. Kf1 Kf8 32.
Ke2 Ke7 33. f4 f6 34. g3 e5 35. Rd1 Rb8 36. Rdc1 Rb2+ 37. Kf3 Rb3 38. Rxb3 cxb3 39. Rxc5 1-0

[Event "*** Titled Tuesday Blitz"]
[Site "Chess.com"]
[Date "2021.04.06"]
[Round "3"]
[White "Hard_Utilizator"]
[Black "Rish_97"]
[Result "1/2-1/2"]
[WhiteElo "2482"]
[BlackElo "2702"]
[TimeControl "180+1"]
[EndTime "10:26:31 PDT"]
[Termination "Game drawn by agreement"]

1. e4 c6 2. d4 d5 3. exd5 cxd5 4. Bd3 Nc6 5. c3 e6 6. Nf3 Bd6 7. O-O Nge7 8. Bg5 f6 9. Bh4 O-O 10. c4 Nf5 11. cxd5 exd5 12. Nc3 Nce7 13. Qb3 Kh8 14.
Bg3 Bxg3 15. hxg3 Nc6 16. Bxf5 Bxf5 17. Qxd5 Qxd5 18. Nxd5 Be4 19. Nc3 Bxf3 20. gxf3 Nxd4 21. Kg2 Rad8 22. Rad1 1/2-1/2

[Event "*** Titled Tuesday Blitz"]
[Site "Chess.com"]
[Date "2021.04.06"]
[Round "3"]
[White "tteshan"]
[Black "Maddie"]
[Result "1-0"]
[WhiteElo "2325"]
[BlackElo "2066"]
[TimeControl "180+1"]
[EndTime "10:26:32 PDT"]
[Termination "tteshan won by checkmate"]

1. e4 c6 2. d4 d5 3. exd5 cxd5 4.
Bd3 Nc6 5. c3 Nf6 6. h3 e6 7.
Nf3 Be7 8. O-O O-O 9. Nbd2 a6 10. a4 Bd7 11. Re1 Na5 12. Nf1 b5 13. b4 Nc4 14.
a5 Rc8 15. Ng3 Bd6 16. Ne2 Bb8 17. Bf4 Bxf4 18. Nxf4 Nd6 19. Rc1 Nde4 20. Qb3 Rc7 21. Ne5 Qc8 22. Ne2 Be8 23. f3 Nd2 24. Qc2 Nc4 25.
Bxc4 bxc4 26. g4 Nd7 27. f4 Nxe5 28. fxe5 Bb5 29. Ng3 Qd8 30. Rf1 Qh4 31. Kh2 Qe7 32. Rf3 g6 33. Rcf1 Qd7 34. Rf6 Ba4 35. Qd2 Bb5 36.
h4 Rcc8 37. h5 Qd8 38. Kg2 Kg7 39. hxg6 hxg6 40. Nh5+ gxh5 41. Qg5+ Kh7 42. Rh6# 1-0

[Event "*** Titled Tuesday Blitz"]
[Site "Chess.com"]
[Date "2021.04.06"]
[Round "3"]
[White "Godzillator"]
[Black "kai_nov"]
[Result "1-0"]
[WhiteElo "2300"]
[BlackElo "2260"]
[TimeControl "180+1"]
[EndTime "10:26:33 PDT"]
[Termination "Godzillator won on time"]

1. d4 d5 2. c4 e6 3. cxd5 exd5 4. Nc3 c6 5. Qc2 Bd6 6. Nf3 h6 7. g3 Nf6 8. Bf4 O-O 9. Bg2 Bxf4 10. gxf4 g6 11.
Ne5 Bf5 12. Qd2 Nbd7 13. e3 Nxe5 14. fxe5 Nd7 15. e4 dxe4 16. Qxh6 c5 17. Bxe4 cxd4 18.
Bxf5 Nxe5 19. Ne4 Nf3+ 20. Kf1 Re8 21. Kg2 Qd5 22. Bxg6 1-0

[Event "*** Titled Tuesday Blitz"]
[Site "Chess.com"]
[Date "2021.04.06"]
[Round "3"]
[White "PSvidler"]
[Black "Airquake"]
[Result "1-0"]
[WhiteElo "2965"]
[BlackElo "2664"]
[TimeControl "180+1"]
[EndTime "10:26:34 PDT"]
[Termination "PSvidler won by resignation"]

1. e4 c5 2. Nf3 d6 3. Bd3 g6 4. c3 Bg7 5. Bc2 e6 6. d4 cxd4 7. cxd4 Ne7 8. O-O O-O 9. Nc3 d5 10. e5 Nbc6 11. Bf4 a6 12. Qd2 b5 13. Rac1 Bd7 14. Bh6 Rc8 15. h4 Nf5 16. Bxf5 gxf5 17.
Bxg7 Kxg7 18. Ne2 f6 19. Nf4 fxe5 20. dxe5 Qe8 21. g3 Kh8 22. Kh2 Rg8 23. Rc2 Rg4 24.
Rfc1 Ne7 25. Rxc8 Nxc8 26. Rc7 Ne7 27. Ng5 Nc6 28. f3 Rxg5 29. hxg5 Qd8 30. Nxe6 Qe8 31. Nf4 Nxe5 32. Kg2 Kg8 33. Qxd5+ 1-0